 Dungeon Crawl Stone Soup version 0.25-a0-435-g4b9beb1024 (webtiles) character file.

Game seed: 17265819675434576415, levelgen mode: deterministic

2258 night the Digger (level 9, -6/69 HPs)
             Began as a Vampire Earth Elementalist on Jan 25, 2020.
             Was a Believer of Vehumet.
             Mangled by a hippogriff (8 damage)
             ... on level 7 of the Dungeon on Jan 26, 2020.
             The game lasted 00:20:19 (7525 turns).

night the Digger (Vampire Earth Elementalist)       Turns: 7525, Time: 00:20:20

Health: -6/69      AC:  4    Str:  7    XL:     9   Next: 15%
Magic:  12/27      EV: 13    Int: 21    God:    Vehumet [**....]
Gold:   242        SH:  0    Dex: 18    Spells: 11/21 levels left

rFire    . . .     SeeInvis +   w - +1 whip (elec)
rCold    . . .     Gourm    .   (no shield)
rNeg     . . .     Faith    .   c - +0 robe
rPois    .         Spirit   .   (no helmet)
rElec    .         Reflect  .   F - +0 cloak
rCorr    .         Harm     .   t - +0 pair of gloves
MR       .....                  (no boots)
Stlth    ++........             (no amulet)
HPRegen  0.41/turn              x - ring of magical power
MPRegen  0.20/turn              d - +4 ring of dexterity

@: lethally poisoned (-6 -> -6), regenerating quickly
A: no food, fangs 3, see invisible, unbreathing
a: Exsanguinate, Renounce Religion


You were on level 7 of the Dungeon.
You worshipped Vehumet.
Vehumet was pleased with you.
You were alive.

You visited 1 branch of the dungeon, and saw 7 of its levels.
You also visited: Ossuary.

You collected 242 gold pieces.

Inventory:

Hand Weapons
 e - a +0 short sword of speed
 w - a +1 whip of electrocution (weapon)
Missiles
 a - 3 boomerangs
 b - 94 stones (quivered)
 h - 31 poisoned darts
 u - 4 silver boomerangs
Armour
 c - a +0 robe (worn)
 t - a +0 pair of gloves (worn)
 F - a +0 cloak (worn)
Jewellery
 d - a +4 ring of dexterity (right hand)
 x - a ring of magical power (left hand)
 G - an uncursed amulet of rage {unknown}
Wands
 D - a wand of flame (17)
Scrolls
 f - 2 scrolls of noise
 g - 4 scrolls of teleportation
 i - 7 scrolls of identify
 j - a scroll of fog {unknown}
 n - 2 scrolls of enchant weapon
 o - a scroll of random uselessness {unknown}
 p - a scroll of enchant armour {unknown}
 v - 3 scrolls of remove curse {unknown}
 y - 2 scrolls of magic mapping
 C - a scroll of torment {unknown}
Potions
 k - a potion of heal wounds {unknown}
 l - a potion of might {unknown}
 m - 4 potions of haste
 q - 3 potions of brilliance
 r - 3 potions of magic {unknown}
 s - 3 potions of curing
 z - 3 potions of agility {unknown}
 A - a potion of berserk rage {unknown}
 B - 2 potions of resistance {unknown}
 E - a potion of degeneration {unknown}


   Skills:
 + Level 6.1 Fighting
 - Level 2.1 Dodging
 - Level 3.0 Stealth
 + Level 6.6 Spellcasting
   Level 1.1 Transmutations
 - Level 2.0 Air Magic
 + Level 7.5 Earth Magic


You had 11 spell levels left.
You knew the following spells:

 Your Spells              Type           Power        Failure   Level  Hunger
a - Shock                 Conj/Air       ##..         6%          1    N/A
b - Stone Arrow           Conj/Erth      ###...       6%          3    N/A
c - Lee's Rapid Deconstr  Erth           #####.....   12%         5    N/A
d - Sandblast             Erth           #####.       1%          1    N/A

Your spell library contained the following spells:

 Spells                   Type           Power        Failure   Level  Hunger
 Searing Ray              Conj           #.....       14%         2    N/A
 Passwall                 Tmut/Erth      ####....     2%          2    N/A
 Petrify                  Tmut/Erth      ####....     16%         4    N/A
 Confusing Touch          Hex            #.......     28%         3    N/A
 Gell's Gravitas          Tloc           #.........   28%         3    N/A
 Yara's Violent Unravell  Hex/Tmut       #.........   90%         5    N/A
 Metabolic Englaciation   Hex/Ice        #.........   95%         5    N/A

Dungeon Overview and Level Annotations

Branches:
Dungeon (7/15)             Temple (0/1) D:5         Ossuary (visited)

Altars:
Cheibriados
Gozag
Nemelex Xobeh
Okawaru
Trog
Vehumet
Xom
Zin

Shops:
D:4 =


Innate Abilities, Weirdness & Mutations

You do not eat.
Your natural rate of healing is unusually fast.
You have razor-sharp teeth.
You have supernaturally acute eyesight. (SInv)
You can survive without breathing.


Message History

* * * LOW HITPOINT WARNING * * *
The hippogriff closely misses you.
Casting: Stone Arrow (safe; 6% risk of failure)
Confirm with . or Enter, or press ? or * to list all spells.
Aiming: Shock (safe; 6% risk of failure)
Press: ? - help, Shift-Dir - straight line, f/p - hippogriff
Aim: a hippogriff (severely wounded)
Okay, then.
Casting: Shock (safe; 6% risk of failure)
Confirm with . or Enter, or press ? or * to list all spells.
Aiming: Sandblast (safe; 1% risk of failure)
Press: ? - help, Shift-Dir - straight line, f/p - hippogriff
Aim: a hippogriff (severely wounded)
The blast of sand hits the hippogriff.
The hippogriff is almost dead.
b - 94 stones The hippogriff bites you.
* * * LOW HITPOINT WARNING * * *
The hippogriff pecks you!
You die...

......###.# ........#.#
...<.##.#.# ###.###.#.#
###...#.#.#
##....#.#.#########
##.##.#.#.........# # #
..................#.#...#
...........)....@........
...##############H..#.###
..### #....... ....#
##..##..# ###+#### #...
.# .......# .##. #
.#.....# .. . .#.....#
#.# .#.....#


You could see a hippogriff.

Vanquished Creatures
  Prince Ribbit (D:6)
  2 phantoms
  A sky beast (D:7)
  A centaur (D:5)
  4 bullfrogs
  A scorpion (D:7)
  2 crimson imps
  2 bullfrog zombies
  5 centaur zombies (Ossuary)
  3 hounds
  2 centaur skeletons
  3 orc priests
  4 orc wizards
  2 bullfrog skeletons
  An iguana (D:5)
  Terence (D:2)
  A killer bee zombie (Ossuary)
  9 worker ants
  4 hound zombies (Ossuary)
  A hound skeleton (D:5)
  9 mummies (Ossuary)
  2 howler monkey zombies (Ossuary)
  A worker ant zombie (Ossuary)
  3 adders
  An ooze (D:2)
  4 adder zombies
  4 dart slugs
  3 worms
  6 leopard geckos
  19 orcs
  5 goblins
  6 hobgoblins
  2 jackals (D:1)
  2 quokkas (D:3)
  2 ball pythons
  10 bats
  6 frilled lizards
  A giant cockroach zombie (Ossuary)
  A jackal skeleton (D:5)
  3 jackal zombies
  3 kobolds (D:2)
  2 leopard gecko zombies (Ossuary)
  2 quokka zombies (Ossuary)
  12 rats
159 creatures vanquished.

Vanquished Creatures (others)
  2 withered plants (Ossuary)
2 creatures vanquished.

Grand Total: 161 creatures vanquished

Notes
Turn   | Place    | Note
-------+----------+-------------------------------------------
     0 | D:1      | night the Vampire Earth Elementalist began the quest for
                  | the Orb.
     0 | D:1      | Reached XP level 1. HP: 13/13 MP: 3/3
    95 | D:1      | Reached XP level 2. HP: 20/20 MP: 1/5
   352 | D:1      | Reached skill level 1 in Fighting
   574 | D:1      | Reached XP level 3. HP: 26/26 MP: 6/6
   579 | D:1      | Learned a level 3 spell: Stone Arrow
   870 | D:2      | Found a bloodstained altar of Trog.
   961 | D:2      | Noticed Terence
  1054 | D:2      | Killed Terence
  1295 | D:2      | Reached XP level 4. HP: 30/33 MP: 8/8
  1715 | D:3      | Found a radiant altar of Vehumet.
  1722 | D:3      | Became a worshipper of Vehumet
  1874 | D:3      | Found an iron altar of Okawaru.
  1932 | D:3      | Reached skill level 2 in Fighting
  2129 | D:3      | Found a faded altar of an unknown god.
  2443 | D:3      | Reached skill level 4 in Earth Magic
  2720 | D:4      | Reached XP level 5. HP: 31/39 MP: 6/9
  2798 | D:4      | Upgraded the game from 0.25-a0-429-g4e4398398a to
                  | 0.25-a0-435-g4b9beb1024
  2801 | D:4      | Found Layvuil's Jewellery Boutique.
  2914 | D:4      | Learned a level 5 spell: Lee's Rapid Deconstruction
  3186 | D:4      | Found a glowing silver altar of Zin.
  3255 | D:4      | Found an opulent altar of Gozag.
  3560 | D:5      | Entered Level 5 of the Dungeon
  3567 | D:5      | Reached XP level 6. HP: 46/46 MP: 7/11
  3600 | D:5      | Found a sand-covered staircase.
  3612 | Ossuary  | Entered an ossuary
  3773 | Ossuary  | Reached * piety under Vehumet
  3773 | Ossuary  | Offered knowledge of Freeze by Vehumet.
  3944 | Ossuary  | Reached skill level 5 in Earth Magic
  4059 | Ossuary  | Reached XP level 7. HP: 52/52 MP: 3/13
  5103 | D:5      | Found a sparkling altar of Nemelex Xobeh.
  5124 | D:5      | Reached skill level 5 in Spellcasting
  5257 | D:5      | Reached skill level 6 in Earth Magic
  5365 | D:5      | Offered knowledge of Shock by Vehumet.
  5365 | D:5      | Reached XP level 8. HP: 50/54 MP: 15/15
  5370 | D:5      | Found a staircase to the Ecumenical Temple.
  5394 | D:5      | Reached ** piety under Vehumet
  5478 | D:5      | Learned a level 1 spell: Shock
  5566 | D:5      | Found a snail-covered altar of Cheibriados.
  5781 | D:5      | Reached skill level 1 in Air Magic
  5994 | D:6      | Reached skill level 5 in Fighting
  6347 | D:6      | Reached skill level 2 in Air Magic
  6353 | D:6      | Found a shimmering altar of Xom.
  6530 | D:6      | Noticed Prince Ribbit
  6567 | D:6      | Killed Prince Ribbit
  6567 | D:6      | Reached skill level 7 in Earth Magic
  7200 | D:7      | Reached XP level 9. HP: 69/69 MP: 11/18
  7515 | D:7      | Offered knowledge of Searing Ray by Vehumet.
  7524 | D:7      | HP: 6/69 [hippogriff (8)]
  7525 | D:7      | HP: 2/69 [hippogriff (4)]
  7525 | D:7      | Mangled by a hippogriff

Levels and vault maps discovered:
D:1:      giann_forest_graveyard, layout_basic
D:2:      layout_basic, nicolae_overflow_crystal_walls, uniq_terence
D:3:      layout_loops_corners, okawaru_ov_weapons_minmay, marbit_many_paths,
          chequers_ecumenical_altar_twisty
D:4:      layout_loops_cross, zin_treasury,
          nicolae_gozag_cash_rules_everything_around_me, first_ration,
          serial_shops, shop
D:5:      layout_rooms, lemuel_crystal_altar, nemelex_altar_shiori,
          minmay_temple_entry_arrows, lightli_ossuary_entry_decrepit_ruins
D:6:      layout_loops_cross, nicolae_overflow_hidden_temple,
          uniq_prince_ribbit1
D:7:      layout_basic, the_bakery, hangedman_decor_diamond_cutter,
          minmay_checkerbox

Skill      XL: |  1  2  3  4  5  6  7  8  9 |
---------------+----------------------------+-----
Fighting       | 1 2 3 4 5 6 |  6.1
Spellcasting   | 3 4 5 6 |  6.6
Earth Magic    | 4 5 6 7 |  7.5
Air Magic      | 2 |  2.0
Dodging        | |  2.1
Stealth        | |  3.0
Transmutations | |  1.1

Action                   |  1- 3 |  4- 6 |  7- 9 || total
-------------------------+-------+-------+-------++-------
Melee: Short sword       |   117 |   114 |       ||   231
       Bite              |    10 |    10 |    10 ||    30
       Whip              |       |    40 |   131 ||   171
       Unarmed           |       |       |     2 ||     2
 Cast: Sandblast         |    17 |    20 |     5 ||    42
       Stone Arrow       |       |    35 |    89 ||   124
       Shock             |       |       |    35 ||    35
       Lee's Rapid Decon |       |       |     3 ||     3
 Abil: Bat Form          |       |       |     1 ||     1
       Exsanguinate      |       |       |     1 ||     1
       Revivify          |       |       |     1 ||     1
  Use: Scroll            |       |     7 |       ||     7
 Stab: Sleeping          |     7 |     7 |     1 ||    15
       Distracted        |       |     1 |       ||     1
Armor: Robe              |    16 |    19 |    28 ||    63
Dodge: Dodged            |    71 |    90 |   130 ||   291

Table legend:
 A = Non-vault XP
 B = Vault XP
 C = Vault XP percentage of total XP
 D = Non-vault monster count
 E = Vault monster count
 F = Vault count percentage of total count
                 A         B        C        D         E       F
            +---------+---------+-------+---------+---------+-------
      Total |    2098 |    1129 |  35.0 |     120 |      39 |  24.5
            +---------+---------+-------+---------+---------+-------
        D:1 |      43 |       0 |   0.0 |      22 |       0 |   0.0
        D:2 |      38 |      36 |  48.6 |      21 |       1 |   4.5
        D:3 |      54 |       1 |   1.8 |      16 |       1 |   5.9
        D:4 |     158 |       0 |   0.0 |      12 |       0 |   0.0
        D:5 |     737 |       0 |   0.0 |      25 |       0 |   0.0
        D:6 |     593 |     283 |  32.3 |      16 |       1 |   5.9
        D:7 |     475 |     116 |  19.6 |       8 |       3 |  27.3
    Ossuary |       0 |     693 | 100.0 |       0 |      33 | 100.0
            +---------+---------+-------+---------+---------+-------
